 Dungeon Crawl Stone Soup version 0.28.0-1-gb440e238dd (webtiles) character file.

Game seed: 1586329240155981819

30 cbfl8 the Sneak (level 3, -2/33 HPs)
             Began as a Minotaur Delver on Feb 24, 2022.
             Slain by a phantom (6 damage)
             ... on level 5 of the Dungeon.
             The game lasted 00:00:25 (106 turns).

cbfl8 the Sneak (Minotaur Delver)                    Turns: 106, Time: 00:00:26

Health: -2/33      AC:  3    Str: 18    XL:     3   Next: 3%
Magic:  2/2        EV: 12    Int:  7    God:
Gold:   17         SH:  0    Dex: 11    Spells: 2/2 levels left

rFire   . . .      SeeInvis .   a - +0 hand axe
rCold   . . .      Faith    .   (no shield)
rNeg    . . .      Spirit   .   b - +0 leather armour
rPois   .          Reflect  .   (helmet restricted)
rElec   .          Harm     .   (no cloak)
rCorr   .          Rampage  .   (no gloves)
Will    .....                   (no boots)
Stlth   ++........              (no amulet)
HPRegen 0.11/turn               (no ring)
MPRegen 0.08/turn               (no ring)

@: no status effects
A: horns 2, retaliatory headbutt
a: no special abilities


You were on level 5 of the Dungeon.
You visited 1 branch of the dungeon, and saw 1 of its levels.

You collected 17 gold pieces.

Inventory:

Hand Weapons
 a - a +0 hand axe (weapon)
Armour
 b - a +0 leather armour (worn)
Wands
 g - a wand of digging (3)
Scrolls
 c - a scroll of fog
 d - a scroll of magic mapping
 e - a scroll of fear
Potions
 f - a potion of haste


   Skills:
 + Level 3.9 Fighting
 + Level 2.5 Axes
 + Level 0.5 Armour
 + Level 2.3 Dodging
 + Level 4.7 Stealth


You had 2 spell levels left.
You didn't know any spells.
Your spell library contained the following spells:

 Spells                   Type           Power      Damage    Failure   Level
 Borgnjor's Revivificati  Necr           0%         N/A       100%        8
 Necromutation            Tmut/Necr      0%         N/A       100%        8
 Death's Door             Necr           0%         N/A       100%        9


Dungeon Overview and Level Annotations

Branches:
Dungeon (5/15)
 Temple: D:4-7

Altars:


Innate Abilities, Weirdness & Mutations

You have a pair of horns on your head.
You reflexively headbutt those who attack you in melee.


Message History

Your experience leads to an increase in your attributes!
Increase (S)trength, (I)ntelligence, or (D)exterity?
You feel stronger. x2
You barely miss the phantom.
The phantom hits you but does no damage.
You hit the phantom.
The phantom is lightly damaged.
The phantom hits you!
The phantom blinks!
You blink.
Found a scroll labelled QEUW FUBAKKO.
The phantom hits you but does no damage.
You barely miss the phantom.
The phantom is lightly damaged.
The phantom barely misses you. The phantom closely misses you.
You hit the phantom. You headbutt the phantom!
The phantom is severely damaged.
The phantom hits you but does no damage.
You miss the phantom.
The phantom is severely damaged.
The phantom hits you.
You closely miss the phantom.
The phantom is severely damaged.
The phantom hits you!
* * * LOW HITPOINT WARNING * * *
You hit the phantom but do no damage.
The phantom is severely damaged.
The phantom hits you but does no damage.
You hit the phantom but do no damage.
The phantom is severely damaged.
The phantom hits you.
* * * LOW HITPOINT WARNING * * *
You closely miss the phantom.
The phantom is severely damaged.
The phantom hits you but does no damage.
You barely miss the phantom.
The phantom is severely damaged.
The phantom barely misses you. x2
You hit the phantom but do no damage. Your headbutt misses the phantom.
The phantom is severely damaged.
The phantom hits you.
You die...

###############
...?...........
#......W...#
#.....(@...#
#..........###########
......................
#..........###.#######
#..........# #.#
............ #.#######
##########...#.##....#
#...#.##....### #.
#..........


You could see a phantom.

Vanquished Creatures
  A hound (D:5)
1 creature vanquished.

Notes
Turn   | Place    | Note
-------+----------+-------------------------------------------
     0 | D:5      | cbfl8 the Minotaur Delver began the quest for the Orb.
     0 | D:5      | Reached XP level 1. HP: 19/19 MP: 0/0
    33 | D:5      | Noticed an ogre
    62 | D:5      | Noticed a hound
    89 | D:5      | Noticed a phantom
    94 | D:5      | Killed a hound
    95 | D:5      | Reached XP level 2. HP: 22/27 MP: 1/1
    95 | D:5      | Reached XP level 3. HP: 27/33 MP: 2/2
   106 | D:5      | Slain by a phantom

Illustrated notes

Levels and vault maps discovered:
D:5:      layout_basic, serial_curves, eino_curves_01, eino_curves_01

Action                   || total
-------------------------++-------
Melee: Hand axe          ||    17
       Headbutt          ||     1
Armor: Leather armour    ||     7
Dodge: Dodged            ||    13
